Map: Ruins of Seras

Players

DemiLove (Demi)

  • Race: Zerg Zerg

Kelazhur - Winner!

  • Race: Terran Terran
  • League: Grandmaster

VOD

Have the link to the VOD?

Description

Time

  • Played on: Dec. 20, 2015, 1:30 a.m.
  • Length: 9:11
Show
View Real Time Build Order
Export as new Build Order

DemiLove Zerg 

Build Orders: Hatch First 

Get SALT Encoding   

  12  0:01  Drone  
  13  0:13  Overlord  
  13  0:19  Drone  
  14  0:32  Drone x2  
  16  0:36  Drone  
  17  0:54  Hatchery  
  16  0:57  Drone  
  16  1:00  Drone  
  18  1:07  Drone  
  19  1:12  Extractor  
  18  1:19  Spawning Pool  
  18  1:22  Drone  
  18  1:28  Drone  
  19  1:39  Overlord  
  19  2:06  Queen, Zergling x4  
  19  2:07  Queen  
  19  2:08  Drone  
  26  2:12  Metabolic Boost  
  26  2:17  Drone x2  
  26  2:22  Drone  
  29  2:28  Drone  
  30  2:33  Drone  
  31  2:40  Drone  
  31  2:44  Queen  
  32  2:46  Overlord  
  32  2:50  Drone  
  35  2:56  Drone  
  35  3:07  Spore Crawler  
  32  3:13  Drone x3  
  36  3:22  Hatchery  
  36  3:24  Zergling x2  
  36  3:25  Zergling x8  
  40  3:33  Zergling x2  
  40  3:34  Zergling x4  
  43  3:41  Overlord  
  43  3:49  Overlord  
  43  3:50  Overlord  
  43  4:03  Drone x7  
  50  4:12  Overlord  
  50  4:13  Drone  
  51  4:20  Drone  
  51  4:21  Drone x3  
  51  4:23  Extractor  
  51  4:24  Extractor  
  52  4:25  Roach Warren  
  52  4:29  Drone x2  
  53  4:39  Drone x3  
  53  4:45  Overlord  
  55  5:06  Roach x8  
  55  5:07  Roach  
  73  5:10  Zergling x8  
  76  5:23  Zergling x6  
  78  5:32  Zergling x14  
  82  5:39  Zergling x8  
  85  5:48  Zergling x2  
  85  5:49  Zergling x8  
  84  6:04  Zergling x2  
  84  6:05  Zergling x10  
  84  6:06  Overlord x2  
  84  6:07  Overlord  
  88  6:18  Ravager x3  
  88  6:23  Overlord x2  
  88  6:25  Ravager x4  
  91  6:33  Zergling x12  
  84  6:49  Zergling x2  
  84  6:50  Zergling x6  
  81  6:58  Zergling x18  
  87  7:13  Zergling x6  
  87  7:14  Zergling x2  
  86  7:20  Zergling x8  
  86  7:21  Zergling x8  
  91  7:27  Zergling x6  
  84  7:37  Zergling x2  
  84  7:38  Zergling x4  
  76  7:44  Zergling x6  
  76  7:54  Zergling x20  
  81  8:01  Roach x2  
  77  8:13  Zergling x6  
  77  8:17  Roach  
  82  8:21  Roach x2  
  86  8:27  Roach  
  86  8:28  Roach x2  
  86  8:30  Roach x4  
  86  8:31  Roach x3  
  106  8:40  Ravager  
  106  8:41  Ravager x2  
  109  8:47  Ravager  
  109  8:48  Ravager x3  
  113  8:50  Ravager, Zergling x2  
  113  8:51  Zergling x10  
Show
View Real Time Build Order
Export as new Build Order

Kelazhur Terran - Winner!

Build Orders: MMM Bio 

Get SALT Encoding   

  12  0:01  SCV  
  13  0:13  SCV  
  14  0:18  Supply Depot  
  14  0:25  SCV  
  15  0:39  SCV  
  15  0:40  Barracks  
  16  0:45  Refinery  
  16  0:52  SCV  
  17  1:04  SCV  
  18  1:17  SCV  
  19  1:28  Barracks Reactor  
  19  1:29  Orbital Command  
  19  1:43  Command Center  
  19  1:52  Supply Depot  
  19  1:55  SCV  
  20  2:05  Reaper x2  
  20  2:08  SCV  
  23  2:11  Refinery  
  23  2:20  SCV  
  24  2:32  SCV  
  26  2:37  Reaper  
  26  2:38  Reaper  
  27  2:44  SCV  
  28  2:55  Command Center  
  28  2:59  Orbital Command  
  28  3:01  SCV  
  28  3:14  SCV  
  29  3:24  Reaper x2  
  29  3:26  SCV x2  
  33  3:32  Factory  
  33  3:38  SCV x2  
  35  3:48  Supply Depot  
  35  3:50  SCV  
  35  3:51  SCV  
  37  3:56  Reaper x2  
  37  4:02  SCV  
  40  4:03  SCV  
  40  4:08  Orbital Command  
  41  4:13  Bunker  
  41  4:14  SCV  
  41  4:15  SCV  
  43  4:23  Barracks  
  43  4:24  Barracks  
  43  4:26  SCV  
  43  4:27  SCV  
  45  4:36  Hellion x2  
  49  4:38  SCV  
  49  4:39  SCV  
  49  4:42  Supply Depot  
  49  4:43  SCV  
  49  4:44  Supply Depot  
  52  4:46  Supply Depot  
  52  4:50  SCV  
  52  4:51  SCV, Barracks Tech Lab  
  54  4:55  SCV  
  55  5:02  SCV, Hellion x2  
  55  5:05  SCV  
  61  5:07  SCV  
  61  5:11  Barracks Reactor x2  
  61  5:13  Marine  
  61  5:14  Stimpack  
  63  5:16  SCV, Orbital Command  
  63  5:18  Supply Depot  
  64  5:23  SCV  
  64  5:25  Engineering Bay  
  64  5:26  Refinery x2  
  64  5:27  Engineering Bay  
  65  5:34  Hellion  
  65  5:35  Hellion  
  69  5:38  SCV  
  69  5:39  SCV, Starport  
  69  5:41  SCV  
  72  5:50  SCV, Bunker, Marine x2  
  72  5:51  SCV, Marine x3  
  72  5:54  SCV  
  78  6:01  Hellion x2  
  78  6:02  SCV  
  78  6:07  SCV  
  78  6:09  SCV  
  78  6:10  Marine x4  
  84  6:14  SCV  
  84  6:18  Marauder  
  87  6:19  SCV  
  87  6:21  SCV  
  87  6:22  Terran Infantry Weapons Level 1  
  89  6:27  SCV  
  89  6:28  Marine x3  
  89  6:31  Marine  
  94  6:38  Supply Depot x2, Marine  
  95  6:40  Hellion  
  95  6:41  Barracks  
  95  6:42  Hellion, Barracks  
  95  6:45  Starport Reactor  
  92  6:51  Marine  
  92  6:52  Marine x3  
  92  6:56  Marine  
  85  7:01  Terran Infantry Armor Level 1  
  80  7:09  Marine  
  80  7:10  SCV x2, Marine  
  80  7:14  Marine  
  81  7:22  SCV  
  81  7:24  SCV  
  81  7:25  Armory  
  81  7:26  Combat Shields, Marine x2  
  81  7:27  Bunker, Marine  
  64  7:30  Widow Mine x2, Medivac x2  
  86  7:35  SCV  
  86  7:36  SCV, Marine  
  91  7:37  Marine  
  91  7:44  Marine x2  
  87  7:45  Marine  
  87  7:47  SCV, Barracks Reactor  
  87  7:48  Barracks Reactor, SCV  
  87  7:50  Refinery  
  85  7:54  Marine  
  85  7:55  Marine  
  76  7:59  SCV  
  76  8:01  Marine, Orbital Command  
  76  8:02  Marine  
  76  8:03  Marine  
  74  8:14  Marine x2  
  74  8:18  Hellbat x2  
  74  8:19  Marine  
  81  8:20  Marine  
  81  8:21  Marine  
  81  8:25  Marine x4  
  87  8:30  Medivac x2  
  87  8:31  Marine  
  87  8:32  Marine  
  93  8:34  SCV x2  
  93  8:37  Marine x2  
  93  8:38  Marine  
  98  8:42  Marine  
  98  8:44  Marine  
  98  8:45  Bunker, Marine x2  
  98  8:46  SCV  
  98  8:47  Hellbat x2  
  107  8:49  Marine  
  107  8:51  Marine  
  107  8:55  SCV  
  110  8:58  SCV  
Tags
 
Add a new tag
Caveats
  • Supply blocks, unpowered buildings, or Contaminate may cause inaccurate times.
  • Supply counts are checked every 10 seconds.